 Dungeon Crawl Stone Soup version 0.24.0-123-gd5b16e6ec5 (webtiles) character file.

Game seed: 13493821362968065645, levelgen mode: deterministic

64 Chiseanne the Magician (level 3, -5/24 HPs)
             Began as a Demonspawn Wizard on Jan 22, 2020.
             Slain by a worm (11 damage)
             ... on level 2 of the Dungeon.
             The game lasted 00:02:01 (1827 turns).

Chiseanne the Magician (Demonspawn Wizard)          Turns: 1827, Time: 00:02:02

Health: -5/24      AC:  2    Str:  7    XL:     3   Next: 91%
Magic:  7/8        EV: 12    Int: 20    God:
Gold:   127        SH:  0    Dex: 11    Spells: 8/9 levels left

rFire    + . .     SeeInvis .   c - +1 dagger
rCold    . . .     Gourm    .   (no shield)
rNeg     . . .     Faith    .   a - +0 robe
rPois    .         Spirit   .   b - +0 hat
rElec    .         Reflect  .   (no cloak)
rCorr    .         Harm     .   (no gloves)
MR       .....                  (no boots)
Stlth    ++........             (no amulet)
HPRegen  0.08/turn              (no ring)
MPRegen  0.11/turn              (no ring)

@: no status effects
A: fire resistance 1, powered by pain 1
a: no special abilities


You were on level 2 of the Dungeon.
You were not hungry.

You visited 1 branch of the dungeon, and saw 2 of its levels.

You collected 127 gold pieces.

Inventory:

Hand Weapons
 c - a +1 dagger (weapon)
Missiles
 g - 52 stones (quivered)
 i - 25 arrows
Armour
 a - a +0 robe (worn)
 b - a +0 hat (worn)
Jewellery
 n - an uncursed ring of poison resistance {unknown}
Wands
 e - a wand of flame (19)
Scrolls
 f - 3 scrolls of identify
 k - 2 scrolls of fog {unknown}
Potions
 h - a potion of ambrosia
 j - a potion of lignification {unknown}
 l - 2 potions of brilliance {unknown}
Comestibles
 d - 5 rations
 m - 3 chunks of flesh


   Skills:
 - Level 1.7 Dodging
 - Level 1.7 Stealth
 * Level 3.9 Spellcasting
 * Level 2.7 Conjurations
   Level 1.0 Summonings
   Level 0.8 Translocations


You had 8 spell levels left.
You knew the following spells:

 Your Spells              Type           Power        Failure   Level  Hunger
a - Magic Dart            Conj           ##..         4%          1    None

Your spell library contained the following spells:

 Spells                   Type           Power        Failure   Level  Hunger
 Call Imp                 Summ           #.......     13%         2    ##.....
 Blink                    Tloc           N/A          14%         2    ##.....
 Slow                     Hex            #.......     21%         2    ##.....
 Conjure Flame            Conj/Fire      #.......     22%         3    ###....
 Mephitic Cloud           Conj/Pois/Air  #.......     26%         3    ###....


Dungeon Overview and Level Annotations

Branches:
Dungeon (2/15)

Altars:


Innate Abilities, Weirdness & Mutations

Your flesh is heat resistant. (rF+)
You sometimes gain a little power by taking damage.


Message History

You don't have enough magic to cast that spell.
You barely miss the worm.
The worm is severely wounded.
The worm bites you!
* * * LOW HITPOINT WARNING * * *
You focus on the pain.
You feel your power returning.
You barely miss the worm.
The worm is severely wounded.
The worm completely misses you.
You hit the worm.
The worm is severely wounded.
You hit the worm but do no damage.
The worm is severely wounded.
The worm barely misses you.
You hit the worm but do no damage.
The worm is severely wounded.
You barely miss the worm.
The worm is severely wounded.
The worm bites you!
You die...

#.#....[..# ###.### ###
#.#.......# #......
#.#####.#.......#
#...... #.......#......
#...†.. #.#######.....
.#######.### #.# #....
.........### #.# ...
............ #.# #w#
########.... #.# #@#
### #..## #.# #.# ..#
#..#. #.# #.# #.# #....
#.###### #.# #.# #.#.÷
#######......# #.# #.#
#.#.. #............#
#.# #.# #....
#.#####......# #.# #.#
###.. #.#
##########.####.#######
##. #.# #.............#
#.


You could see a worm.

Vanquished Creatures
  2 adders (D:2)
  An ooze (D:1)
  2 dart slugs (D:1)
  A leopard gecko (D:1)
  7 bats
  A giant cockroach (D:1)
  3 goblins
  4 hobgoblins
  3 jackals (D:2)
  2 kobolds
  3 ball pythons (D:1)
  A frilled lizard (D:2)
  5 rats
35 creatures vanquished.

Notes
Turn   | Place    | Note
-------+----------+-------------------------------------------
     0 | D:1      | Chiseanne the Demonspawn Wizard began the quest for the
                  | Orb.
     0 | D:1      | Reached XP level 1. HP: 13/13 MP: 4/4
   143 | D:1      | Gained mutation: You sometimes gain a little power by
                  | taking damage. [demonic ancestry]
   143 | D:1      | Reached XP level 2. HP: 15/19 MP: 1/6
   794 | D:1      | Gained mutation: Your flesh is heat resistant. (rF+)
                  | [demonic ancestry]
   794 | D:1      | Reached XP level 3. HP: 24/24 MP: 6/8
  1471 | D:2      | Found a faded altar of an unknown god.
  1827 | D:2      | Slain by a worm

Levels and vault maps discovered:
D:1:      minmay_arrival_five_plusses, layout_basic
D:2:      layout_basic, chequers_ecumenical_altar_simple_redux, minmay_bisected

Skill      XL: |  1  2 |
---------------+-------+-----
Conjurations   | 2 |  2.7
Dodging        | |  1.7
Stealth        | |  1.7
Spellcasting   | |  3.9
Summonings     | |  1.0
Translocations | |  0.8

Action                   || total
-------------------------++-------
Melee: Dagger            ||    24
 Cast: Magic Dart        ||    92
  Use: Scroll            ||     3
  Eat: Chunk             ||     3
Armor: Robe              ||    14
Dodge: Dodged            ||    33
